 Dungeon Crawl Stone Soup version 0.29-a0-775-g4d7333d4e2 (webtiles) character file.

Game seed: 16605894659599156964

22425 purpskrrrp the Slicer (level 13, 0/59 HPs)
             Began as a Vine Stalker Wanderer on July 2, 2022.
             Was a High Priest of Okawaru.
             Slain by an orc warrior
             ... wielding a +0 flail
              (11 damage)
             ... on level 10 of the Dungeon.
             The game lasted 01:56:54 (12740 turns).

purpskrrrp the Slicer (Vine Stalker Wanderer)      Turns: 12740, Time: 01:56:55

Health: 0/59       AC: 18    Str: 20    XL:     13   Next: 0%
Magic:  0/20       EV: 24    Int: 13    God:    Okawaru [*****.]
Gold:   1347       SH:  0    Dex: 19    Spells: 12/14 levels left

rFire   . . .      SeeInvis +   K - +4 dagger (elec)
rCold   . . .      Faith    .   (no shield)
rNeg    . . .      Spirit   +   M - +1 steam dragon scales
rPois   +          Reflect  .   N - +1 hat {SInv}
rElec   .          Harm     .   J - +2 cloak
rCorr   .          Rampage  .   i - +2 pair of gloves
Will    +++..                   w - +2 pair of boots
Stlth   ++++++....              o - amulet of the acrobat
HPRegen 0.99/turn               x - +6 ring of dexterity
MPRegen 0.17/turn               n - +4 ring of evasion

@: heroic, slowed, very slow
A: fangs 3, regeneration 1, magic shield, antimagic bite, no potion heal 2,
frail 1, strong-willed 2, poison resistance
a: Renounce Religion, Heroism, Finesse, Duel


You were on level 10 of the Dungeon.
You worshipped Okawaru.
Okawaru was extremely pleased with you.
You visited 3 branches of the dungeon, and saw 15 of its levels.

You collected 1347 gold pieces.

Inventory:

Hand Weapons
 K - a +4 dagger of electrocution (weapon)
 Q - a +6 dagger of speed
 T - a +3 war axe of flaming
Missiles
 l - 5 boomerangs
 p - 6 poisoned darts
 q - 5 throwing nets
 O - 8 javelins
Armour
 i - a +2 pair of gloves (worn)
 w - a +2 pair of boots (worn)
 J - a +2 cloak (worn)
 M - +1 steam dragon scales (worn)
 N - a +1 hat of see invisible (worn)
 R - +0 acid dragon scales
Jewellery
 a - a ring of fire
 h - a ring of magical power
 k - a ring of wizardry
 n - a +4 ring of evasion (right hand)
 o - an amulet of the acrobat (around neck)
 s - a ring of ice
 x - a +6 ring of dexterity (left hand)
 y - the amulet of Harmony {rF+ Regen+ rCorr Str-2}
   (You found it on level 9 of the Dungeon)

   [amulet of regeneration]

   Str:       It affects your strength (-2).
   rF:        It protects you from fire.
   Regen:     It increases your rate of health regeneration.
   rCorr:     It protects you from acid and corrosion.
 B - a +6 ring of intelligence
 F - an amulet of reflection
 I - a ring of ice
 W - a +6 ring of intelligence
Wands
 b - a wand of polymorph (20)
 v - a wand of iceblast (16) (quivered)
 E - a wand of flame (29)
Scrolls
 r - 4 scrolls of magic mapping
 t - 8 scrolls of teleportation
 z - 13 scrolls of identify
 A - a scroll of fog
 D - 2 scrolls of poison
 G - a scroll of amnesia
 H - 2 scrolls of fear
 P - a scroll of vulnerability
 U - a scroll of summoning
Potions
 c - 5 potions of lignification
 d - a potion of ambrosia
 e - 3 potions of degeneration
 f - a potion of berserk rage {unknown}
 g - 3 potions of brilliance
 j - a potion of attraction
 m - a potion of resistance
 u - 6 potions of curing
 C - 2 potions of magic
 L - 3 potions of heal wounds
 X - a potion of mutation


   Skills:
 + Level 6.6(11.6) Fighting
 * Level 10.8(15.8) Short Blades
 + Level 4.9(10.3) Axes
 - Level 2.9(9.3) Maces & Flails
 + Level 0.4(6.8) Staves
 + Level 3.8(8.8) Throwing
 - Level 2.0(7.0) Armour
 + Level 7.1(12.1) Dodging
 * Level 10.5(15.5) Stealth
 - Level 1.1 Spellcasting
 - Level 3.6 Earth Magic
 * Level 8.0 Invocations
 + Level 2.0 Evocations


You had 12 spell levels left.
You knew the following spells:

 Your Spells              Type           Power      Damage    Failure   Level
a - Sandblast             Erth           20%        2d7       6%          1
b - Slow                  Hex            0%         N/A       28%         1

Your spell library contained the following spells:

 Spells                   Type           Power      Damage    Failure   Level
 Passwall                 Tmut/Erth      4%         N/A       21%         2
 Stone Arrow              Conj/Erth      10%        3d7       36%         3
 Confusing Touch          Hex            0%         N/A       63%         3
 Ignite Poison            Fire/Tmut/Pois 0%         N/A       63%         3
 Mephitic Cloud           Conj/Pois/Air  0%         N/A       63%         3
 Vampiric Draining        Necr           0%         2d6       63%         3
 Freezing Cloud           Conj/Ice/Air   0%         6-21      100%        5


Dungeon Overview and Level Annotations

Branches:
Dungeon (13/15)            Temple (0/1) D:5            Lair (1/6) D:10
    Orc (1/2) D:10
 Vaults: D:13-14

Altars:
Dithmenos
Gozag
Kikubaaqudgha
Makhleb
Okawaru
Qazlal
Trog
Uskayaw
Vehumet
Wu Jian
Xom
Yredelemnul
Zin
The Shining One

Shops:
D:6 [

Annotations:
D:10 2 transporters, Pooter's ghost, journeyman MiHu


Innate Abilities, Weirdness & Mutations

You have razor-sharp teeth.
Your natural rate of healing is unusually fast.
When hurt, damage is shared between your health and your magic reserves.
Your bite disrupts and absorbs the magic of your enemies.
Potions cannot restore your health.
You are frail. (-10% HP)
You are highly strong-willed. (Will++)
Your system is resistant to poisons. (rPois)


Message History

You hit the wraith but do no damage. Lightning courses through the wraith!
The wraith is moderately damaged.
The wraith misses you.
The orc warrior hits you with a +0 flail.
* * * LOW HITPOINT WARNING * * *
The wraith closely misses you. The orc completely misses you.
You hit the wraith but do no damage. Your bite misses the wraith.
The wraith is moderately damaged.
The wraith closely misses you. The orc warrior closely misses you.
The wraith completely misses you. The orc hits you with a +0 whip.
* * * LOW HITPOINT WARNING * * *
You closely miss the wraith. Your bite misses the wraith.
The wraith is moderately damaged.
The wraith misses you.
The orc warrior hits you with a +0 flail!
* * * LOW HITPOINT WARNING * * *
The wraith hits you.
* * * LOW HITPOINT WARNING * * *
The orc misses you.
You hit the orc but do no damage. You bite the orc!
You kill the orc!
You barely miss the orc warrior. The wraith completely misses you.
The orc warrior barely misses you. The wraith misses you.
You hit the orc warrior but do no damage.
Lightning courses through the orc warrior!!
You bite the orc warrior, but do no damage.
The orc warrior is severely wounded.
The wraith closely misses you. The orc warrior misses you.
The wraith closely misses you.
You hit the orc warrior but do no damage.
The orc warrior is severely wounded.
The wraith completely misses you. The orc warrior closely misses you.
The wraith completely misses you.
You hit the orc warrior but do no damage.
The orc warrior is severely wounded.
You barely miss the orc warrior.
The orc warrior is severely wounded.
The wraith hits you but does no damage.
The orc warrior hits you with a +0 flail!
You die...

≈≈≈≈≈≈..# #............##.#
≈≈≈≈≈≈≈.## #...........##[)#
≈≈≈≈≈≈≈≈≈# #..........##...#
≈≈≈≈≈#..####.........####).#
≈≈≈.##.###..........###.)[.#
≈##.##.# #.#.......##......#
≈##.##.# #.#..########..)..#
###.##.# #.#..#..)#8..[....#
≈##..#.# #.#..#W@)'........#
####.#.# #.#..#.oW#8.......#
#...# #.#..########.....#
##..# #.#### #......# #.>#
#.# ###....# ##.# #.# ##...#
#.# #.# #.### #.###.# ###
#.....#


You could see 2 wraiths and an orc warrior.

Vanquished Creatures
  Gastronok (Arena)
  Josephine (Arena)
  Harold (D:10)
  3 hydras
  2 two-headed ogres
  Erica (D:11)
  3 skeletal warriors
  4 ugly things
  2 manticores
  3 cyclopes
  2 gargoyles
  2 cane toads (Lair:1)
  An unseen horror (D:12)
  3 trolls
  5 slime creatures (D:12)
  A shadow (D:12)
  2 vampires (D:11)
  9 yaks
  A wyvern (D:8)
  2 wraiths
  3 steam dragons
  6 vampire mosquitoes
  2 acid dragons
  7 water moccasins
  2 sky beasts
  2 black bears (D:6)
  4 orc warriors
  4 ogres
  3 centaurs
  3 wolves (D:10)
  3 phantoms
  2 kobold brigands (D:8)
  4 bullfrogs
  A necrophage (D:8)
  A scorpion (D:5)
  4 wights (D:9)
  11 killer bees
  4 howler monkeys
  7 electric eels (D:10)
  5 hounds
  Crazy Yiuf (D:7)
  A jelly (D:8)
  7 orc priests
  A bouda (D:10)
  2 iguanas
  10 orc wizards
  9 gnolls
  9 adders
  An ufetubus (D:4)
  3 worms
  4 dart slugs
  42 orcs
  6 ball pythons
  4 bats
  9 endoplasms
  2 giant cockroaches
  4 goblins
  5 hobgoblins
  18 jackals
  14 kobolds
  2 quokkas
  2 frilled lizards
  5 rats
288 creatures vanquished.

Vanquished Creatures (others)
  An orc (D:10)
1 creature vanquished.

Grand Total: 289 creatures vanquished

Notes
Turn   | Place    | Note
-------+----------+-------------------------------------------
     0 | D:1      | purpskrrrp the Vine Stalker Wanderer began the quest for
                  | the Orb.
     0 | D:1      | purpskrrrp set off with the following items: a +2 hand axe,
                  | a wand of polymorph (7), a potion of lignification, a +0
                  | leather armour; and the following spell memorised:
                  | Sandblast; and the following spells available to memorise:
                  | Stone Arrow.
     0 | D:1      | Reached XP level 1. HP: 9/9 MP: 3/3
    13 | D:1      | Reached XP level 2. HP: 3/13 MP: 1/4
   584 | D:1      | Reached XP level 3. HP: 12/16 MP: 3/5
  1714 | D:2      | Gained mutation: Your natural rate of healing is unusually
                  | fast. [Vine Stalker growth]
  1714 | D:2      | Reached XP level 4. HP: 20/21 MP: 5/6
  1956 | D:2      | Found a faded altar of an unknown god.
  2364 | D:3      | Reached XP level 5. HP: 25/25 MP: 7/7
  2484 | D:3      | Reached skill level 1 in Dodging
  2725 | D:3      | You fall into a shaft and drop 1 floor!
  2961 | D:4      | Gained mutation: Your magical capacity is low. (-10% MP)
                  | [potion of mutation]
  2962 | D:4      | Lost mutation: Your magical capacity is low. (-10% MP)
                  | [potion of mutation]
  2962 | D:4      | Gained mutation: You sometimes lose your temper in combat.
                  | [potion of mutation]
  2962 | D:4      | Gained mutation: You have a pair of small horns on your
                  | head. [potion of mutation]
  2963 | D:4      | Lost mutation: You have a pair of small horns on your head.
                  | [potion of mutation]
  2963 | D:4      | Lost mutation: You sometimes lose your temper in combat.
                  | [potion of mutation]
  2963 | D:4      | Gained mutation: Armour fits poorly on your strangely
                  | shaped body. [potion of mutation]
  2963 | D:4      | Gained mutation: You sometimes lose your temper in combat.
                  | [potion of mutation]
  2963 | D:4      | Gained mutation: You are strong-willed. (Will+) [potion of
                  | mutation]
  2963 | D:4      | Gained mutation: Your system is resistant to poisons.
                  | (rPois) [potion of mutation]
  3269 | D:4      | Found a glowing golden altar of the Shining One.
  3270 | D:4      | Found a bloodstained altar of Trog.
  3270 | D:4      | Found an ancient bone altar of Kikubaaqudgha.
  3271 | D:4      | Found a basalt altar of Yredelemnul.
  3272 | D:4      | Found a glowing silver altar of Zin.
  3272 | D:4      | Found a shadowy altar of Dithmenos.
  3272 | D:4      | Found an opulent altar of Gozag.
  3273 | D:4      | Found a hide-covered altar of Uskayaw.
  3273 | D:4      | Found a stormy altar of Qazlal.
  3274 | D:4      | Found a burning altar of Makhleb.
  3275 | D:4      | Found a radiant altar of Vehumet.
  3275 | D:4      | Found a shimmering altar of Xom.
  3277 | D:4      | Found an iron altar of Okawaru.
  3321 | D:4      | Became a worshipper of Warmaster Okawaru
  3659 | D:5      | Entered Level 5 of the Dungeon
  3794 | D:5      | Reached skill level 1 in Stealth
  3929 | D:5      | Reached skill level 1 in Fighting
  3929 | D:5      | Reached XP level 6. HP: 30/30 MP: 8/8
  4043 | D:5      | Found a staircase to the Ecumenical Temple.
  4057 | D:5      | Reached skill level 1 in Invocations
  4213 | D:5      | Reached skill level 1 in Short Blades
  4325 | D:5      | Reached * piety under Okawaru
  4348 | D:6      | Noticed a steam dragon
  4348 | D:6      | Noticed a black bear
  4348 | D:6      | Found Ivvattak's Antique Armour Shoppe.
  4439 | D:6      | Reached XP level 7. HP: 22/33 MP: 9/9
  4558 | D:6      | Reached skill level 1 in Maces & Flails
  4664 | D:6      | Killed a steam dragon
  4664 | D:6      | Reached ** piety under Okawaru
  4665 | D:6      | Gained mutation: You have razor-sharp teeth. [Vine Stalker
                  | growth]
  4665 | D:6      | Reached XP level 8. HP: 13/39 MP: 4/10
  5519 | D:7      | Reached *** piety under Okawaru
  5520 | D:7      | Reached skill level 1 in Throwing
  5520 | D:7      | Reached skill level 5 in Stealth
  5827 | D:7      | Reached XP level 9. HP: 42/44 MP: 9/12
  6229 | D:7      | Found a runed translucent door.
  6230 | D:7      | Noticed Crazy Yiuf
  6241 | D:7      | Killed Crazy Yiuf
  6421 | D:8      | Reached skill level 5 in Short Blades
  6512 | D:8      | Reached **** piety under Okawaru
  7000 | D:8      | Noticed a troll
  7009 | D:8      | Killed a troll
  7259 | D:9      | Reached XP level 10. HP: 49/49 MP: 12/14
  7375 | D:9      | Lost mutation: You sometimes lose your temper in combat.
                  | [potion of mutation]
  7375 | D:9      | Lost mutation: Armour fits poorly on your strangely shaped
                  | body. [potion of mutation]
  7375 | D:9      | Gained mutation: You are frail. (-10% HP) [potion of
                  | mutation]
  7375 | D:9      | Gained mutation: You are highly strong-willed. (Will++)
                  | [potion of mutation]
  7448 | D:9      | Noticed a two-headed ogre
  7452 | D:9      | Learned a level 1 spell: Slow
  7462 | D:9      | Killed a two-headed ogre
  7462 | D:9      | Reached ***** piety under Okawaru
  7463 | D:9      | Reached skill level 5 in Invocations
  7564 | D:9      | Identified the amulet of Harmony {rF+ Regen+ rCorr Str-2}
  7741 | D:10     | Entered Level 10 of the Dungeon
  7741 | D:10     | Noticed a gargoyle
  7753 | D:10     | Killed a gargoyle
  7887 | D:10     | Noticed a two-headed ogre
  7889 | D:10     | Noticed a two-headed ogre
  7889 | D:10     | Noticed Pooter's ghost (journeyman MiHu)
  7889 | D:10     | Noticed a two-headed ogre
  7890 | D:10     | Identified the +7 dire flail "Zietadea" {holy, rC++ Int+3}
  7890 | D:10     | Noticed a two-headed ogre
  7891 | D:10     | Found a transporter.
  7892 | D:10     | Noticed a two-headed ogre
  8239 | D:10     | Found a transporter.
  8460 | D:10     | Found a staircase to the Lair.
  8488 | D:10     | Noticed a cyclops
  8512 | D:10     | Killed a cyclops
  8563 | D:10     | Noticed Harold
  8579 | D:10     | Killed Harold
  8580 | D:10     | Reached skill level 5 in Fighting
  8580 | D:10     | Reached XP level 11. HP: 44/49 MP: 16/16
  8663 | D:10     | Noticed Gastronok
  8664 | Arena    | Entered the Arena
  8680 | Arena    | Killed Gastronok
  8862 | D:10     | Found a staircase to the Orcish Mines.
  9296 | D:11     | Noticed a seven-headed hydra
  9313 | D:11     | Killed a seven-headed hydra
  9313 | D:11     | Received a gift from Okawaru
  9314 | D:11     | Reached skill level 5 in Dodging
  9334 | D:11     | Noticed a two-headed ogre
  9349 | D:11     | Killed a two-headed ogre
  9456 | D:11     | Noticed a cyclops
  9472 | D:11     | Killed a cyclops
  9580 | D:11     | Found an ornate altar of the Wu Jian Council.
  9618 | D:11     | Noticed a green ugly thing
  9630 | D:11     | Noticed a manticore
  9640 | D:11     | Noticed Erica
  9641 | D:11     | Killed a green ugly thing
  9687 | D:11     | Killed Erica
  9701 | D:11     | Received a gift from Okawaru
  9712 | D:11     | Killed a manticore
 10069 | D:12     | Noticed a manticore
 10090 | D:12     | Killed a manticore
 10091 | D:12     | Reached XP level 12. HP: 46/54 MP: 18/18
 10175 | D:12     | HP: 2/54 [enormous slime creature (52)]
 10363 | D:12     | Reached skill level 10 in Short Blades
 10780 | D:12     | Received a gift from Okawaru
 11087 | D:12     | You fall into a shaft and drop 1 floor!
 11108 | D:13     | Noticed an eight-headed hydra
 11120 | D:13     | Noticed a five-headed hydra
 11288 | D:12     | Killed an eight-headed hydra
 11289 | D:12     | Reached skill level 10 in Stealth
 11410 | Lair:1   | Entered Level 1 of the Lair of Beasts
 11553 | Lair:1   | Noticed a seven-headed hydra
 11568 | Lair:1   | Killed a seven-headed hydra
 11568 | Lair:1   | Reached ****** piety under Okawaru
 11568 | Lair:1   | Received a gift from Okawaru
 12496 | D:10     | Identified a scroll of acquirement
 12496 | D:10     | Acquired 689 gold pieces
 12664 | Orc:1    | Entered Level 1 of the Orcish Mines
 12664 | Orc:1    | Noticed Josephine
 12667 | Arena    | Entered the Arena
 12682 | Arena    | Killed Josephine
 12716 | Orc:1    | Noticed a two-headed ogre
 12729 | D:10     | Reached XP level 13. HP: 17/59 MP: 6/20
 12740 | D:10     | Slain by an orc warrior

Illustrated notes

Levels and vault maps discovered:
D:1:      scummos_arrival_checkerplants, layout_basic
D:2:      layout_basic, basic_ecumenical_altar, grunt_ministairs_2,
          supply_closet_lemuel
D:3:      layout_rooms, serial_rivers, chequers_serial_rivers_room_b,
          chequers_serial_rivers_large_a, chequers_serial_rivers_micro_c,
          chequers_serial_rivers_room_a, chequers_serial_rivers_micro_a
D:4:      layout_loops_ring, nicolae_overflows_in_rows
D:5:      layout_loops_cross, minmay_temple_entry_large_hall
D:6:      layout_loops_ring, serial_shops, nicolae_shop_advertising_works
          [nicolae_subvault_shop_adworks]
D:7:      layout_loops_cross, uniq_crazy_yiuf_cottage
D:8:      layout_rooms, hangedman_decor_riveting
D:9:      layout_cave_pools
D:10:     layout_basic, erik_lair_island, hiddenorc1_lemuel,
          gammafunk_ghost_smash, uniq_gastronok, uniq_harold
D:11:     layout_cave_pools, nzn_wu_jian_council_hall, uniq_erica
D:12:     layout_roguey
D:13:     layout_cave_pools, david_vaults_1, nicolae_trove_entry_diagonal,
          uniq_urug
Lair:1:   layout_hall_layers, nicolae_lair_lil_pond, lemuel_fruit_fields,
          infiniplex_staircase_pool_2
Orc:1:    layout_caves, special_room [special_room_orc], uniq_josephine,
          uniq_snorg

Skill      XL: |  1  2  3  4  5  6  7  8  9 10 11 12 |
---------------+-------------------------------------+-----
Axes           | 3 4 |  4.9
Dodging        | 1 2 3 4 5 7 |  7.1
Armour         | 2 |  2.0
Stealth        | 1 2 3 5 6 7 9 10 | 10.5
Fighting       | 1 2 3 4 5 6 |  6.6
Invocations    | 1 2 3 4 5 7 8 |  8.0
Short Blades   | 1 2 3 6 8 9 10 | 10.8
Maces & Flails | 1 2 |  2.9
Throwing       | 1 2 3 |  3.8
Evocations     | 2 |  2.0
Staves         | |  0.4
Spellcasting   | |  1.1
Earth Magic    | |  3.6

Action                   |  1- 3 |  4- 6 |  7- 9 | 10-12 | 13-15 || total
-------------------------+-------+-------+-------+-------+-------++-------
Melee: Hand axe          |    63 |   126 |       |       |       ||   189
       Bite              |    10 |    27 |    66 |   324 |     4 ||   431
       Dagger            |       |    18 |   115 |   776 |    12 ||   921
       Flail             |       |     5 |    64 |       |       ||    69
       Punch             |       |     1 |     4 |    30 |       ||    35
       Rapier            |       |       |    93 |       |       ||    93
       Quarterstaff      |       |       |     2 |       |       ||     2
       War axe           |       |       |       |     9 |       ||     9
Throw: Dart              |       |     7 |     8 |    24 |       ||    39
       Javelin           |       |       |       |     5 |       ||     5
       Boomerang         |       |       |       |    11 |       ||    11
 Cast: Sandblast         |     3 |     1 |       |       |       ||     4
Invok: Heroism           |       |       |     3 |    16 |       ||    19
       Finesse           |       |       |       |     5 |       ||     5
       Duel              |       |       |       |     2 |       ||     2
Evoke: Wand              |       |       |       |     2 |       ||     2
  Use: Scroll            |     4 |    12 |     6 |    11 |       ||    33
       Potion            |       |     3 |       |     2 |       ||     5
 Stab: Sleeping          |       |       |     3 |     5 |       ||     8
       Distracted        |       |       |     2 |     2 |       ||     4
Armor: Leather armour    |    27 |    23 |    68 |     1 |       ||   119
       Steam dragon scal |       |       |       |   126 |     2 ||   128
Dodge: Dodged            |    43 |   102 |   235 |   565 |    24 ||   969

Table legend: (Time is in decaauts)
 A = Elapsed time spent in this place.
 B = Non-inter-level travel time spent in this place.
 C = Inter-level travel time spent in this place.
 D = Time resting spent in this place.
 E = Time spent auto-exploring this place.
 F = Levels seen in this place.
 G = Mean time per level.
                   A        B        C        D        E       F      G
               +--------+--------+--------+--------+--------+-----+--------+
         Total |  12439 |  11560 |    879 |   1672 |   7051 |  17 |  731.7 |
       Dungeon |  11391 |  10563 |    828 |   1571 |   6315 |  13 |  876.2 |
          Lair |    986 |    935 |     51 |     85 |    735 |   1 |  986.0 |
  Orcish Mines |     14 |     14 |      0 |      0 |      0 |   1 |   14.0 |
         Arena |     47 |     47 |      0 |     16 |      0 |   2 |   23.5 |
               +--------+--------+--------+--------+--------+-----+--------+

Top non-repeatable levels by time:
    D:10: 1727 daAuts
     D:1: 1524 daAuts
     D:6: 1119 daAuts
    D:12: 1037 daAuts
  Lair:1: 986 daAuts
     D:4: 944 daAuts
     D:8: 871 daAuts
     D:7: 858 daAuts
     D:5: 762 daAuts
     D:2: 745 daAuts
    D:11: 695 daAuts
     D:9: 525 daAuts
     D:3: 486 daAuts
    D:13: 92 daAuts
   Arena: 47 daAuts
